 Dungeon Crawl Stone Soup version 0.29.0-11-gd7f09526c8 (webtiles) character file.

Game seed: 2459969682584232696

121 sanka the Insei (level 4, 0/40 HPs)
             Began as a Draconian Monk on Sept 2, 2022.
             Was a Believer of Okawaru.
             Succumbed to MoonlitKnight's ghost's poison
             ... on level 3 of the Dungeon.
             The game lasted 00:03:48 (3434 turns).

sanka the Insei (Draconian Monk)                    Turns: 3434, Time: 00:03:48

Health: 0/40       AC:  5    Str: 13    XL:     4   Next: 77%
Magic:  3/4        EV: 13    Int: 12    God:    Okawaru [**....]
Gold:   192        SH:  0    Dex: 14    Spells: 3/3 levels left

rFire   . . .      SeeInvis .   k - +1 whip (elec)
rCold   . . .      Faith    .   (no shield)
rNeg    . . .      Spirit   .   (body armour unavailable)
rPois   .          Reflect  .   (helmet restricted)
rElec   .          Harm     .   (no cloak)
rCorr   .          Rampage  .   (no gloves)
Will    .....                   (no boots)
Stlth   ++........              (no amulet)
HPRegen 0.13/turn               (no ring)
MPRegen 0.09/turn               (no ring)

@: lethally poisoned (0 -> -14)
A: AC +5, unfitting armour, cold-blooded
a: Renounce Religion, Heroism


You were on level 3 of the Dungeon.
You worshipped Okawaru.
Okawaru was pleased with you.
You visited 1 branch of the dungeon, and saw 3 of its levels.

You collected 192 gold pieces.


Innate Abilities, Weirdness & Mutations

Your plain brown scales are hard. (AC +5)
You cannot fit into any form of body armour.
You are cold-blooded and may be slowed by cold attacks.


   Skills:
 - Level 4.0 Fighting
 + Level 3.1 Dodging
 - Level 1.7 Stealth
 + Level 4.9 Unarmed Combat
 + Level 0.0 Invocations


You had 3 spell levels left.
You didn't know any spells.
Your spell library was empty.

Inventory:

Hand Weapons
 d - a +3 short sword of draining
 k - a +1 whip of electrocution (weapon)
Scrolls
 b - a scroll of amnesia {unknown}
 c - 3 scrolls of vulnerability {unknown}
 h - 2 scrolls of teleportation {unknown}
 i - a scroll of enchant armour {unknown}
 j - a scroll of magic mapping {unknown}
 l - a scroll of identify {unknown}
 m - a scroll of blinking {unknown}
 n - a scroll of immolation {!r}
 p - 2 scrolls of fog {unknown}
Potions
 a - 2 potions of ambrosia
 e - a potion of degeneration {unknown}
 f - 3 potions of heal wounds {unknown}
 g - a potion of curing {unknown}
 o - 2 potions of mutation {unknown}

Dungeon Overview and Level Annotations

Branches:
Dungeon (3/15)

Altars:
Fedhas
Gozag
Hepliaklqana
Okawaru
Xom
Yredelemnul

Annotations:
D:3 MoonlitKnight's ghost, amateur MfGl

▒▒.▒▒▒.▒.......▒▒▒▒▒▒▒▒▒▒▒.▒▒▒...
▒▒.▒ ▒.▒.......▒▒................
▒▒.▒ ▒.........▒▒.▒▒▒▒▒▒▒.▒......
▒▒.▒▒▒▒▒....▒▒▒▒▒▒▒▒ ▒.▒......
▒.............▒...▒▒▒▒▒▒.▒.)....
▒▒▒▒▒▒▒.......▒)?.▒..▒........▒.
▒.....▒.▒.J.▒▒.▒..........
▒.....▒.▒▒W▒▒▒.▒▒.....▒.▒.
▒▒▒......d.........▒▒▒▒.▒.
▒..........▒..........▒.
▒>.....▒.▒.▒▒▒▒.▒▒▒▒▒▒▒.
▒.....▒▒................
▒▒▒.▒.......▒▒▒▒.▒▒▒▒▒..
▒.▒..................▒
▒.▒.......▒▒▒▒▒.▒▒▒▒▒.
▒.▒...................
▒▒......▒.▒▒▒▒▒▒..▒▒▒..


You could see a jelly and MoonlitKnight's ghost.


Message History

Unknown command.
You closely miss MoonlitKnight's ghost. You tail-slap MoonlitKnight's ghost.
MoonlitKnight's ghost is heavily damaged.
You feel very sick. MoonlitKnight's ghost misses you.
Unknown command.
You closely miss MoonlitKnight's ghost.
MoonlitKnight's ghost is heavily damaged.
You feel like a meek peon again.
You feel sick. MoonlitKnight's ghost hits you.
* * * LOW HITPOINT WARNING * * *
You are lethally poisoned!
You closely miss MoonlitKnight's ghost.
MoonlitKnight's ghost is heavily damaged.
* * * LOW HITPOINT WARNING * * *
You feel very sick.
MoonlitKnight's ghost closely misses you.
You hit MoonlitKnight's ghost but do no damage.
MoonlitKnight's ghost is heavily damaged.
* * * LOW HITPOINT WARNING * * *
You feel very sick.
MoonlitKnight's ghost holds its blade at the ready.
MoonlitKnight's ghost hits you.
* * * LOW HITPOINT WARNING * * *
Unknown command.
You closely miss MoonlitKnight's ghost.
MoonlitKnight's ghost is heavily damaged.
You die...

Action                   |  1- 3 |  4- 6 || total
-------------------------+-------+-------++-------
Melee: Unarmed           |    23 |       ||    23
       Tailslap          |     6 |     9 ||    15
       Punch             |     3 |     4 ||     7
       Short sword       |    62 |     7 ||    69
       Whip              |       |    70 ||    70
Invok: Heroism           |       |     1 ||     1
 Stab: Sleeping          |     4 |     6 ||    10
       Distracted        |     1 |       ||     1
Armor: Skin              |    20 |    19 ||    39
Dodge: Dodged            |    47 |    32 ||    79

Levels and vault maps discovered:
D:1:      psy_arrival_radial01, layout_basic, ebering_ecumenical_altar_mist,
          kennysheep_small_spiral, minmay_octomino_j4
D:2:      layout_basic
D:3:      layout_basic, nicolae_gozag_cash_rules_everything_around_me,
          mainiacjoe_overflow_boulevard, yredelemnul_altar_generic,
          chequers_temple_overflow_minitemple, ebering_ghost_inner_flame,
          minmay_quantized

Notes
Turn   | Place    | Note
-------+----------+-------------------------------------------
     0 | D:1      | sanka the Draconian Monk began the quest for the Orb.
     0 | D:1      | Reached XP level 1. HP: 19/19 MP: 1/1
   242 | D:2      | Reached XP level 2. HP: 18/26 MP: 2/2
   564 | D:2      | Reached skill level 4 in Unarmed Combat
   767 | D:1      | Reached XP level 3. HP: 4/31 MP: 3/3
  1475 | D:1      | Reached skill level 4 in Fighting
  1497 | D:1      | Found a faded altar of an unknown god.
  1533 | D:1      | Reached XP level 4. HP: 39/40 MP: 4/4
  2787 | D:3      | Reached skill level 3 in Dodging
  2952 | D:3      | Found a basalt altar of Yredelemnul.
  2997 | D:3      | Found an opulent altar of Gozag.
  3024 | D:3      | Found a runed translucent door.
  3039 | D:3      | Noticed MoonlitKnight's ghost (amateur MfGl)
  3056 | D:3      | Found a blossoming altar of Fedhas.
  3279 | D:3      | Found a shimmering altar of Xom.
  3279 | D:3      | Found a faded altar of an unknown god.
  3287 | D:3      | Found an iron altar of Okawaru.
  3289 | D:3      | Found a hazy altar of Hepliaklqana.
  3291 | D:3      | Found a faded altar of an unknown god.
  3295 | D:3      | Became a worshipper of Warmaster Okawaru
  3295 | D:3      | Reached * piety under Okawaru
  3295 | D:3      | Reached ** piety under Okawaru
  3433 | D:3      | HP: 2/40 [MoonlitKnight's ghost (5)]
  3434 | D:3      | Succumbed to MoonlitKnight's ghost's poison

Vanquished Creatures
  2 gnolls (D:1)
  3 adders
  3 worms
  A dart slug (D:2)
  5 bats
  4 endoplasms
  4 giant cockroaches
  5 goblins
  5 hobgoblins
  7 jackals (D:1)
  4 kobolds
  5 quokkas
  4 ball pythons
  A frilled lizard (D:3)
  4 rats
57 creatures vanquished.
